Cogmind - Beta 13 @@@ ROGUE MODE // 2024.07.31 @ 19:57:28 Player: 777moneymaker Result: Self-destructed Performance ------------- Evolutions (1) 500 Regions Visited (2) 400 Robots Destroyed (21) 105 Value Destroyed (564) 564 Prototype IDs (0) 0 Alien Tech Used (0) 0 Bonus (0) 0 TOTAL SCORE: 1569 Bonus ------- None Cogmind --------- Core Integrity 345/400 Matter 445/450 Energy 240/240 System Corruption 0% Temperature Warning (316) Movement Walking (400) Ox4 Location -9/Materials Parts ------- > --- POWER (1) -------- Nuclear Core > --- PROPULSION (2) --- Light Treads Aluminum Leg > --- UTILITY (3) ------ Cryofiber Web Large Storage Unit Large Matter Pod > --- WEAPON (3) ------- Ion Cannon Ion Cannon > --- INVENTORY (15) --- Improved Aluminum Leg Improved Aluminum Leg Wheel Cryofiber Web Heat Sink Heat Sink High-capacity Storage Unit High-capacity Matter Pod (83) Terrain Scanner Tractor Beam Heavy Assault Rifle Heavy Assault Rifle Heavy Assault Rifle Datajack Peak State ------------ > --- POWER ------------ Nuclear Core > --- PROPULSION ------- Light Treads Light Treads > --- UTILITY ---------- Cryofiber Web Large Storage Unit Large Matter Pod > --- WEAPON ----------- Ion Cannon Ion Cannon Ion Cannon > --- INVENTORY -------- Aluminum Leg Improved Aluminum Leg Improved Aluminum Leg Wheel Cryofiber Web Heat Sink Heat Sink High-capacity Storage Unit High-capacity Matter Pod Terrain Scanner Tractor Beam Heavy Assault Rifle Heavy Assault Rifle Heavy Assault Rifle Datajack [Rating: 21] Favorites ----------- Power Ion Engine Engine Ion Engine Power Core Nuclear Core Propulsion Light Treads Treads Light Treads Leg Aluminum Leg Utility Large Storage Unit Device Cryofiber Web Storage Large Storage Unit Weapon Ion Cannon Energy Gun Small Laser Energy Cannon Ion Cannon Ballistic Gun Light Assault Rifle Special Melee Weapon Datajack Build | -11 -10 -9 ------- Run | Yrd Mat Mat Slots Evolved 2 | . . 2 Power . | . . . Propulsion . | . . . Utility 1 | . . 1 Weapon 1 | . . 1 Parts Attached 29 | 7 9 13 Power 3 | 1 1 1 Engine 2 | 1 1 . Core 1 | . . 1 Reactor . | . . . Propulsion 7 | 2 3 2 Treads 3 | . 2 1 Leg 4 | 2 1 1 Wheel . | . . . Hover . | . . . Flight . | . . . Utility 6 | 2 2 2 Device 3 | 1 . 2 Storage 3 | 1 2 . Processor . | . . . Hackware . | . . . Protection . | . . . Artifact . | . . . Weapon 13 | 2 3 8 Energy Gun 3 | 1 1 1 Energy Cannon 4 | . . 4 Ballistic Gun 5 | 1 1 3 Ballistic Cannon . | . . . Launcher . | . . . Special Weapon . | . . . Impact Weapon . | . . . Slashing Weapon . | . . . Piercing Weapon . | . . . Special Melee Weapon 1 | . 1 . Unidentified Prototypes . | . . . Parts Lost 3 | . 1 2 Power . | . . . Propulsion 1 | . . 1 Utility . | . . . Weapon 2 | . 1 1 Highest Loss Streak 1 | . 1 1 To Critical Strikes . | . . . Average Slot Usage (%) 99 | . 100 99 Engine 7 | . 14 1 Core 4 | . . 9 Treads 19 | . 18 21 Leg 5 | . 9 . Device 10 | . 9 11 Storage 20 | . 18 22 Energy Gun 7 | . 14 . Energy Cannon 12 | . . 23 Ballistic Gun 10 | . 12 8 Naked Turns . | . . . Heaviest Build 49 | 14 30 49 Greatest Support 40 | 20 40 40 Greatest Overweight (x) 3 | 3 . 1 Average Overweight (x) . | . . . Largest Inventory Capacity 15 | 8 15 15 Average Capacity 13 | 7 12 15 Most Carried 15 | 6 14 15 Average Carried 11 | 3 9 14 Final Capacity 15 | 8 15 15 Final Carried 14 | 5 14 14 Class Distribution -------------------- 53% | Mutant 40% | Gunner 6% | Skirmisher Dominant Class ---------------- Mutant | -10/Materials Gunner | -9/Materials Resources | -11 -10 -9 ----------- Run | Yrd Mat Mat Matter Collected 761 | 272 169 320 Remotely 217 | 87 130 . Salvage Created 869 | 76 182 611 Parts 52 | 4 12 36 Haulers Intercepted 1 | . . 1 Recyclers Shooed . | . . . Parts Field Recycled . | . . . Retrieved Matter . | . . . Parts Self-Destructed . | . . . Prevented . | . . . Kills | -11 -10 -9 ------- Run | Yrd Mat Mat Combat Hostiles Destroyed 15 | . 4 11 Guns 5 | . 4 1 Cannons 10 | . . 10 Classes Destroyed 7 | 1 2 4 Worker 2 | . . 2 Builder 1 | . 1 . Hauler 1 | . . 1 Recycler 2 | 1 . 1 Swarmer 3 | . . 3 Grunt 9 | . 4 5 Sentry 3 | . . 3 Best Kill Streak 6 | 1 2 6 Combat Bots Only 5 | . 2 5 Max Kills in Single Turn 2 | 1 1 2 Gunslinging . | . . . Exploded . | . . . Melee . | . . . Uniques/NPCs Destroyed . | . . . Combat | -11 -10 -9 -------- Run | Yrd Mat Mat Hostile Shots Fired 121 | . 38 83 Missed 25 | . 6 19 Damage Taken 1177 | . 403 774 Core 116 | . 61 55 Absorbed by Shields . | . . . Core Remaining (%) 87 | 100 75 . Volleys Fired 51 | 2 17 32 Largest 3 | 2 2 3 Hottest 180 | 60 60 180 Shots Fired 112 | 4 34 74 Gun 51 | 4 34 13 Cannon 61 | . . 61 Launcher . | . . . Special . | . . . Kinetic 32 | 2 17 13 Thermal 75 | . 14 61 Explosive . | . . . Electromagnetic 5 | 2 3 . Robot Hit Streak 24 | 1 8 24 Robot Miss Streak 3 | 1 2 3 Penetration Max . | . . . Secondary Targets . | . . . Shots Hit Robots 76 | 2 25 49 Core Hits 31 | 2 11 18 Critical Kills . | . . . Critical Parts Destroyed . | . . . Critical Strikes 1 | . 1 . Corrupt 1 | . 1 . Melee Attacks . | . . . Impact . | . . . Slashing . | . . . Piercing . | . . . Sneak Attacks . | . . . Combat Hostiles . | . . . Follow-up Attacks . | . . . Damage Inflicted 1298 | 24 250 1024 Guns 378 | 24 250 104 Cannons 920 | . . 920 Explosions . | . . . Melee . | . . . Ramming . | . . . Kinetic 206 | . 102 104 Thermal 1043 | . 123 920 Explosive . | . . . Electromagnetic 49 | 24 25 . Impact . | . . . Slashing . | . . . Piercing . | . . . Highest Corruption 1 | . 1 . Average Corruption 1 | . 1 . Corruption Purged . | . . . Corruption Blocked . | . . . Effects 2 | . 2 . Heat Flow Errors 1 | . 1 . Energy Discharges 1 | . 1 . Overload Shots . | . . . Overflow Damage 14 | . . 14 Projectiles 14 | . . 14 Explosions . | . . . Melee . | . . . Knockbacks . | . . . Impact . | . . . Kinetic . | . . . Secondary . | . . . Self-Inflicted Damage . | . . . Shots . | . . . Rammed . | . . . Targets Rammed . | . . . Kicked . | . . . Crushed . | . . . Highest Temperature 391 | 20 186 391 Average Temperature 162 | 15 64 207 Received Heat Transfer 561 | . 216 345 Effects 1 | . . 1 Interference 1 | . . 1 Siege Activations . | . . . Robots Corrupted . | . . . Combat Hostiles . | . . . Parts Fried . | . . . Impact Corruptions . | . . . Robots Melted . | . . . Combat Hostiles . | . . . Parts Melted . | . . . Heat Transferred 1755 | . 275 1480 Parts Sabotaged . | . . . Parts Stolen . | . . . Parts Stripped . | . . . Power Chain Reactions . | . . . Alert | -11 -10 -9 ------- Run | Yrd Mat Mat Peak Influence 249 | 5 105 249 Initial 3 | . 3 . Average 64 | . 49 87 Maximum Alert Level 1 | . . 1 Low Security (%) 94 | 100 100 89 Level 1 5 | . . 10 Level 2 . | . . . Level 3 . | . . . Level 4 . | . . . Level 5 . | . . . High Security . | . . . Max Security . | . . . Squads Dispatched 1 | . 1 . Investigation 1 | . 1 . Extermination . | . . . Reinforcement . | . . . Assault . | . . . Garrison . | . . . Intercept . | . . . Searches Triggered . | . . . Construction Impeded . | . . . Haulers Reinforced . | . . . Active Scanning Responses . | . . . Cargo Convoy Interrupts . | . . . Stealth | -11 -10 -9 --------- Run | Yrd Mat Mat Distress Signals 4 | . 1 3 Communications Jammed . | . . . Distress Signals . | . . . Times Spotted 22 | . 5 17 Peak Tracking Total 6 | . 2 6 Tactical Retreats 1 | . . 1 Traps | -11 -10 -9 ------- Run | Yrd Mat Mat Traps Triggered 1 | . 1 . Indirectly . | . . . Trap Hack Attempts 33 | . 33 . Triggered . | . . . Disarmed 1 | . 1 . Reprogrammed 1 | . 1 . Reused . | . . . Traps Extracted . | . . . Installed . | . . . Triggered . | . . . Machines | -11 -10 -9 ---------- Run | Yrd Mat Mat Machines Disabled 2 | . . 2 Max in Single Turn 1 | . . 1 Machines Repaired . | . . . Machines Dismantled . | . . . Machines Sabotaged . | . . . Overloaded Fab Kills . | . . . Hacking | -11 -10 -9 --------- Run | Yrd Mat Mat Machines Accessed 2 | . 2 . Terminals 2 | . 2 . Fabricators . | . . . Repair Stations . | . . . Recycling Units . | . . . Scanalyzers . | . . . Garrison Access . | . . . Total Hacks 4 | . 4 . Successful . | . . . Failed 4 | . 4 . Catastrophic 2 | . 2 . Database Lockouts . | . . . Manual 4 | . 4 . Terminals 4 | . 4 . Fabricators . | . . . Repair Stations . | . . . Recycling Units . | . . . Scanalyzers . | . . . Garrison Access . | . . . Terminal Hacks . | . . . Fabricator Hacks . | . . . Repair Station Hacks . | . . . Recycling Unit Hacks . | . . . Scanalyzer . | . . . Garrison Access Hacks . | . . . Unauthorized Hacks . | . . . Terminals . | . . . Fabricators . | . . . Repair Stations . | . . . Recycling Units . | . . . Scanalyzers . | . . . Garrison Access . | . . . Data Cores Recovered . | . . . Used . | . . . Hacking Detections 2 | . 2 . Full Trace Events 1 | . 1 . Feedback Events 1 | . 1 . Corruption 1 | . 1 . Feedback Blocked . | . . . Robot Schematics Acquired . | . . . Robots Built . | . . . Authchips . | . . . Time . | . . . Total Robot Build Rating . | . . . Part Schematics Acquired . | . . . Parts Built . | . . . Authchips . | . . . Time . | . . . Total Part Build Rating . | . . . Parts Repaired . | . . . Time . | . . . Parts Recycled . | . . . Recycled Matter . | . . . Retrieved Matter . | . . . Retrieved Components . | . . . Parts Scanalyzed . | . . . Part Schematics Acquired . | . . . Parts Damaged . | . . . Bothacking | -11 -10 -9 ------------ Run | Yrd Mat Mat Used RIF Installer . | . . . Robots Hacked . | . . . Non-combat . | . . . Combat . | . . . Robot Hacks Applied . | . . . Relay Couplers Released . | . . . Fabnet Peak Effective % . | . . . Robots Rewired . | . . . Allies Hacked . | . . . Hacks Repelled . | . . . Allies | -11 -10 -9 -------- Run | Yrd Mat Mat Total Allies . | . . . Largest Group . | . . . Highest-Rated Group . | . . . Highest-Rated Ally . | . . . Total Orders . | . . . Ally Attacks . | . . . Total Damage . | . . . Kills . | . . . Allies Corrupted . | . . . Allies Melted . | . . . Intel | -11 -10 -9 ------- Run | Yrd Mat Mat Robot Analysis Total . | . . . Derelict Logs Recovered . | . . . Drone Launches . | . . . Drone Recoveries . | . . . Exploration | -11 -10 -9 ------------- Run | Yrd Mat Mat Turns Passed 1058 | 68 480 510 Spaces Moved 453 | 39 254 160 Core 17 | 17 . . Treads 305 | . 145 160 Legs 131 | 22 109 . Wheels . | . . . Hover . | . . . Flight . | . . . Fastest Speed 50 | 50 120 160 Average Speed 166 | 115 142 216 Slowest Speed 240 | 200 160 240 Overloaded Moves . | . . . Propulsion Burnouts . | . . . Robots Hopped . | . . . Cave-ins Triggered . | . . . Exploration Rate (%) 25 | 3 50 23 Regions Visited 2 Branch Regions . Pre-discovered Areas . | . . . Known Exits Taken . | . . . Unknown Exits Taken 2 | 1 1 . Scrap Searched . | . . . Spaces Dug . | . . . Terrain Destroyed 3 | . . 3 Melee . | . . . Projectile 3 | . . 3 AOE . | . . . Terrain Rammed . | . . . Walls Destroyed . | . . . Machines Disabled . | . . . Actions | -11 -10 -9 --------- Run | Yrd Mat Mat Total 661 | 55 337 269 Wait 61 | 2 16 43 Move 451 | 38 253 160 Hop . | . . . Pick Up 23 | 6 8 9 Fast Attach 8 | 6 . 2 Attach 5 | 1 1 3 Detach 2 | . . 2 Swap 16 | . 8 8 Drop 11 | . 1 10 Fire 51 | 2 17 32 Melee . | . . . Ram . | . . . Kick . | . . . Crush . | . . . Escape Stasis . | . . . Rewire . | . . . Trap 33 | . 33 . Miscellaneous . | . . . Route ------- -11/Scrapyard -10/Materials (discovered 2 exits: [*Mat x2]) -9/Materials History --------- Turn | Location | Event 7 | -11/Scrapyard | Discovered new exit (range 16) 69 | -11/Scrapyard | Entered Materials 329 | -10/Materials | Build established: Mutant 405 | -10/Materials | Discovered new exit (range 15) 536 | -10/Materials | Discovered new exit (range 3) 549 | -10/Materials | Entered another Materials area 549 | -9/Materials | Evolved 2 slots: Utility x1, Weapon x1 924 | -9/Materials | Build established: Gunner 1059 | -9/Materials | Self-destructed Last Messages --------------- 01014_ Lgt. Treads destroyed. 01015_ T-07 Excavator is excavating. 01018_ Y-45 Defender destroyed. 01019_ T-07 Excavator is excavating. 01021_ U-05 Engineer builds a Wall. 01025_ Power failure averted by Cryofiber Web. 01025_ T-07 Excavator is excavating. 01025_ U-05 Engineer lays Concrete. 01028_ U-05 Engineer builds a Wall. 01032_ U-05 Engineer lays Concrete. 01033_ G-34 Mercenary destroyed. 01033_ U-05 Engineer builds a Wall. 01038_ U-05 Engineer lays Concrete. 01039_ U-05 Engineer builds a Wall. 01044_ K-01 Serf collects debris. 01048_ Ion Cannon destroyed. 01048_ U-05 Engineer builds a Wall. 01050_ K-01 Serf collects debris. 01055_ U-05 Engineer builds a Wall. 01056_ G-47 Trooper destroyed. Map ----- +----------------------------------------------------+ | | | | | | | ?????????????????????????????????????????????????? | | ?????????????????????????????????????????????????? | | ?????????????????????????????????????????????????? | | ?????????????????????????????????????????????????? | | ?????????????????????????????????????????????????? | | ?????????????????????????????????????????????????? | | ?????????????????????##??????????????????????????? | | ????????????????????? ??????????????????????????? | | ????????????????????? ?????????######???????????? | | ??????????????????#### ########## ???????????? | | ?????????????????? ????????????? | | ??????????????????? #????????????? | | ??????????????????? #????????????? | | ????????????????????# #????????????? | | ????????????????????# #????????????? | | ????????????????????# " """"" #????????????? | | ????????????????????# """"""""" #????????????? | | ????????????????????# """ """ #????????????? | | ????????????????????# * #????????????? | | ????????????????????# % #????????????? | | ????????????????????# ####### #????????????? | | ????????????????????# # ## #########?????? | | ????????????????????# #@ ## # ?????? | | ????????????????????# !%uY ## # """ +????? | | ????????????????????# =#* ## + """ #????? | | ????????????????????# ######## # """ #????? | | ????????????????????#! #??????# # ?????? | | ???????????????????#%[ ??????# #?#######?????? | | ?????????????????? *! # ????# #?????####????? | | ????????????????? T # ""??# #???? #????? | | ???????????????? # """ # #?? #????? | | ???????????????##### # """ + #? #????? | | ???????????????????####### # # #????? | | ?????????????????????????# ??# + #????? | | ?????????????????????########### # #????? | | ?????????????????????# = # # #????? | | ?????????????????????#"" %# #? #????? | | ?????????????????????#"Y + #?? #????? | | ?????????????????????#"" !### #???#+####????? | | "#???????????????????# "" %#?? #?????????????? | | "#???????????????????# """ #?? #?????????????? | | "#???????????????????#= """ #?? #?????????????? | | "#???????????????????# #?? #?????????????? | | #???????????????????#####+#####?? ?????????????? | | ######################### #????? ?????????????? | | #????? ?????????????? | | #?????? ?????????????? | +----------------------------------------------------+ Best States ------------- Heat Dissipation 28 Energy Generation 14 Energy Capacity 250 Matter Stores 450 Matter Capacity 450 Sight Range 16 Terrain Scan Range 14 Terrain Scan Density 10 Base Temperature (-) 100 Evasion (%) 55 Recoil Reduction 2 Item Schematics ----------------- None Robot Schematics ------------------ None Fabricated ------------ Nothing Alien Tech Used ----------------- None Achievements -------------- None Challenges ------------ None Game ------ Seed DroneDeuteriumDissipator Manual? 0 Play Time 00:14:41 Cumulative 6.7 hours Start 2024.07.31 @ 18:42:31 End 2024.07.31 @ 19:57:28 Sessions 3 Manual Loads 0 Difficulty Rogue Special Mode None Game No. 10 Rogue 10 Adventurer 0 Explorer 0 Win Type - Total 0 Types 0/0/0/0/0/0/0/0/0 Lore% 1 Gallery% 11 Achievement% 13 Wizard Run 0 Options --------- Layout 0 ASCII 0 Keyboard 1 Movement Numpad Keybinds 0 Fullscreen 2 Font 24/Terminus Map View 76x50 Zoom Use 0% Tactical HUD 1 Map Filters NONE Filters NONE Steam 1 RUN: 895055aa-69cd-47d3-8cb5-b34e6727c9e6